 Dungeon Crawl Stone Soup version 0.26.1-2-gb8aa6d0cf2 (webtiles) character file.

Game seed: 4570346119747675684

735 Electrofox the Chiller (level 7, -3/50 HPs)
             Began as a Yellow Draconian Ice Elementalist on Mar 2, 2021.
             Slain by an unseen horror (10 damage)
             ... on level 5 of the Dungeon.
             The game lasted 00:33:59 (6253 turns).

Electrofox the Chiller (DrIE)                       Turns: 6253, Time: 00:34:00

Health: -3/50      AC:  6    Str: 10    XL:     7   Next: 45%
Magic:  14/14      EV: 12    Int: 18    God:
Gold:   170        SH:  0    Dex: 11    Spells: 8/16 levels left

rFire    . . .     SeeInvis .   a - +2 dagger (venom)
rCold    . . .     Faith    .   (no shield)
rNeg     . . .     Spirit   .   (armour unavailable)
rPois    .         Reflect  .   (helmet restricted)
rElec    .         Harm     .   (no cloak)
rCorr    +         Rampage  .   (no gloves)
Will     .....                  (no boots)
Stlth    ++........             (no amulet)
HPRegen  0.16/turn              (no ring)
MPRegen  0.14/turn              (no ring)

@: no status effects
A: spit acid, unfitting armour, cold-blooded, acid resistance, AC +6
a: Breathe Acid


You were on level 5 of the Dungeon.
You visited 1 branch of the dungeon, and saw 5 of its levels.

You collected 170 gold pieces.

Inventory:

Hand Weapons
 a - a +2 dagger of venom (weapon)
 b - a +0 hunting sling
Missiles
 m - 129 stones
 v - 6 curare-tipped darts
Armour
 r - a +0 pair of boots
Jewellery
 h - an uncursed ring of see invisible {unknown}
 C - an uncursed amulet of magic regeneration {unknown}
Wands
 s - a wand of random effects (12)
 y - a wand of flame (13)
Scrolls
 c - 2 scrolls of identify
 d - a scroll of magic mapping {unknown}
 e - a scroll of noise {unknown}
 f - a scroll of immolation {unknown}
 g - a scroll of blinking {unknown}
 i - a scroll of fear {unknown}
 k - 2 scrolls of teleportation
 p - a scroll of enchant armour {unknown}
 q - a scroll of amnesia {unknown}
 t - a scroll of remove curse {unknown}
 w - a scroll of enchant weapon {unknown}
 A - a scroll of random uselessness {unknown}
Potions
 j - 3 potions of magic {unknown}
 l - 2 potions of curing {unknown}
 n - 2 potions of ambrosia
 o - a potion of might {unknown}
 u - a potion of berserk rage {unknown}
 x - a potion of invisibility {unknown}
 z - a potion of cancellation {unknown}
 B - 2 potions of flight {unknown}


   Skills:
 - Level 0.2 Fighting
 - Level 0.5 Short Blades
 - Level 2.0 Dodging
 - Level 1.8 Stealth
 + Level 5.1 Spellcasting
 + Level 3.0 Conjurations
 + Level 6.6 Ice Magic


You had 8 spell levels left.
You knew the following spells:

 Your Spells              Type           Power        Failure   Level
a - Freeze                Ice            100%         1%          1
b - Frozen Ramparts       Ice            56%          2%          3
c - Hailstorm             Conj/Ice       22%          19%         4

Your spell library contained the following spells:

 Spells                   Type           Power        Failure   Level
 Ozocubu's Armour         Ice            28%          2%          3
 Summon Ice Beast         Ice/Summ       16%          32%         4


Dungeon Overview and Level Annotations

Branches:
Dungeon (5/15)
 Temple: D:4-7

Altars:
Ashenzari
Hepliaklqana
Nemelex Xobeh
Uskayaw
The Shining One

Annotations:
D:2 2 transporters, exclusion: downstairs


Innate Abilities, Weirdness & Mutations

You can spit globs of acid.
Your golden yellow scales are hard. (AC +6)
You cannot fit into any form of body armour.
You are cold-blooded and may be slowed by cold attacks.
You are resistant to acid. (rCorr)


Message History

You can't go down here!
Something hits you but does no damage. Something hits you but does no damage.
Something barely misses you. Something hits you.
Something hits you but does no damage. Something hits you but does no damage.
Something hits you! Something hits you!
* * * LOW HITPOINT WARNING * * *
Something completely misses you. Something hits you but does no damage.
Something hits you.
* * * LOW HITPOINT WARNING * * *
Something hits you.
* * * LOW HITPOINT WARNING * * *
Something hits you.
* * * LOW HITPOINT WARNING * * *
There is a stone staircase leading up here.
Something hits you!
You die...

#.##.##.##........#
#.( #.......###### #(#
####.#.......# #.#
#.#.#####.####### #.#
#.#.#...#.......# #.#
#.#..#.......##.# #.#
#.#..#.#..##.##.###)#
#......#..##.....((.#
###.@รท....#####.#####
#######.#####.#
#.......# #########


There were no monsters in sight!

Vanquished Creatures
  A centaur (D:5)
  A scorpion (D:4)
  2 howler monkeys
  2 orc priests
  2 hounds (D:4)
  A bullfrog skeleton (D:4)
  Jessica (D:3)
  An iguana (D:4)
  Natasha (twice) (D:2)
  2 worker ants (D:4)
  Terence (D:2)
  9 adders
  An ooze (D:3)
  An adder skeleton (D:5)
  4 worms
  5 dart slugs
  2 leopard geckos
  16 orcs
  A ball python (D:2)
  6 bats (D:2)
  5 giant cockroaches
  10 goblins
  6 hobgoblins
  6 jackals
  9 kobolds
  2 quokkas
  4 frilled lizards
  A quokka skeleton (D:3)
  9 rats
113 creatures vanquished.

Notes
Turn   | Place    | Note
-------+----------+-------------------------------------------
     0 | D:1      | Electrofox the Draconian Ice Elementalist began the quest
                  | for the Orb.
     0 | D:1      | Reached XP level 1. HP: 14/14 MP: 3/3
   740 | D:1      | Reached XP level 2. HP: 16/20 MP: 1/5
  1096 | D:1      | Found a glowing golden altar of the Shining One.
  1521 | D:2      | Reached XP level 3. HP: 20/26 MP: 0/6
  1532 | D:2      | Learned a level 3 spell: Frozen Ramparts
  1620 | D:2      | Noticed Natasha
  1989 | D:2      | Found a transporter.
  2009 | D:2      | Found a transporter.
  2017 | D:2      | Noticed an ogre
  2021 | D:2      | Found a broken altar of Ashenzari.
  2193 | D:2      | Reached XP level 4. HP: 33/33 MP: 6/8
  2441 | D:2      | Noticed Terence
  2447 | D:2      | Killed Terence
  2448 | D:2      | Reached skill level 5 in Ice Magic
  2654 | D:2      | Reached XP level 5. HP: 38/38 MP: 4/10
  2990 | D:2      | Killed Natasha
  3246 | D:2      | Noticed Natasha
  3254 | D:2      | Killed Natasha
  3576 | D:3      | Learned a level 4 spell: Hailstorm
  3753 | D:3      | Found a faded altar of an unknown god.
  3980 | D:3      | Noticed Jessica
  4003 | D:3      | Killed Jessica
  4004 | D:3      | Reached skill level 1 in Conjurations
  4004 | D:3      | Reached XP level 6. HP: 29/45 MP: 3/12
  4285 | D:4      | Found a hazy altar of Hepliaklqana.
  4287 | D:4      | Found a glowing golden altar of the Shining One.
  4316 | D:4      | Reached skill level 6 in Ice Magic
  4482 | D:4      | Found a sparkling altar of Nemelex Xobeh.
  4746 | D:4      | Your scales start taking on a golden yellow colour.
  4746 | D:4      | Reached XP level 7. HP: 42/50 MP: 8/13
  4746 | D:4      | Gained mutation: You are resistant to acid. (rCorr) [Yellow
                  | Draconian growth]
  4836 | D:4      | Noticed a +0 hand axe
  4836 | D:4      | Noticed a +0 dagger
  4845 | D:4      | Found a hide-covered altar of Uskayaw.
  5490 | D:5      | Entered Level 5 of the Dungeon
  5822 | D:5      | Reached skill level 5 in Spellcasting
  6253 | D:5      | Slain by an unseen horror

Illustrated notes

Levels and vault maps discovered:
D:1:      dpeg_arrival_castle, layout_basic, tso_altar
D:2:      layout_basic, gammafunk_temple_overflow_arena, uniq_natasha,
          uniq_terence
D:3:      minmay_diamond_boxcup, layout_rooms, chequers_ecumenical_altar_grove,
          uniq_jessica
D:4:      layout_cave_pods, grunt_temple_overflow_open, dancing_weapons_uskayaw
D:5:      cheibrodos_fzero, layout_loops_cross, kennysheep_mini_moat,
          minmay_temple_entry_nine_rooms

Skill      XL: |  1  2  3  4  5  6  7 |
---------------+----------------------+-----
Dodging        | 2 |  2.0
Spellcasting   | 3 4 5 |  5.1
Ice Magic      | 5 6 |  6.6
Conjurations   | 1 2 3 |  3.0
Fighting       | |  0.2
Short Blades   | |  0.5
Stealth        | |  1.8

Action                   |  1- 3 |  4- 6 |  7- 9 || total
-------------------------+-------+-------+-------++-------
Melee: Dagger            |    55 |   100 |    36 ||   191
       Tailslap          |     9 |     6 |     2 ||    17
 Fire: Hunting sling     |       |    42 |    21 ||    63
 Cast: Freeze            |    31 |    68 |    14 ||   113
       Frozen Ramparts   |       |     3 |       ||     3
 Abil: Breathe Acid      |       |       |     1 ||     1
  Use: Scroll            |       |       |     2 ||     2
 Stab: Distracted        |     1 |       |       ||     1
Armor: Skin              |    27 |    41 |    18 ||    86
Dodge: Dodged            |    45 |    95 |    28 ||   168
